 Dungeon Crawl Stone Soup version 0.27-a0-74-gebd156f8b4 (webtiles) character file.

Game seed: 17408618733756579333

358 kae the Insei (level 6, -1/41 HPs)
             Began as an Octopode Transmuter on Jan 11, 2021.
             Slain by an orc
             ... wielding a +0 hand axe
              (4 damage)
             ... on level 4 of the Dungeon.
             The game lasted 00:04:51 (4993 turns).

kae the Insei (Octopode Transmuter)                 Turns: 4993, Time: 00:04:52

Health: -1/41      AC:  1    Str: 11    XL:     6   Next: 64%
Magic:  10/10      EV: 14    Int: 16    God:
Gold:   117        SH:  0    Dex: 12    Spells: 7/11 levels left

rFire    . . .     SeeInvis .     - Unarmed
rCold    . . .     Faith    .   (no shield)
rNeg     . . .     Spirit   .   (helmet currently unavailable)
rPois    .         Reflect  .   (no amulet)
rElec    .         Harm     .   (no ring)
rCorr    .         Rampage  .   (no ring)
Will     .....                  (no ring)
Stlth    ++........             (no ring)
HPRegen  0.13/turn              (no ring)
MPRegen  0.12/turn              (no ring)
                                (no ring)
                                (no ring)

@: appendages (expiring)
A: almost no armour, stealthy swim, amphibious, 8 rings, constrict 8, tentacle
spike 3, camouflage 1, gelatinous body 1
a: End Transformation


You were on level 4 of the Dungeon.
One of your tentacles had a temporary spike.
You visited 1 branch of the dungeon, and saw 4 of its levels.

You collected 168 gold pieces.
You spent 51 gold pieces at shops.

Inventory:

Scrolls
 b - 2 scrolls of remove curse
 f - a scroll of identify
 h - a scroll of amnesia
 i - a scroll of enchant weapon
 j - a scroll of silence {unknown}
Potions
 a - 2 potions of heal wounds
 c - 4 potions of curing
 d - 2 potions of degeneration
 e - 2 potions of magic
 g - 3 potions of mutation
 k - a potion of flight {unknown}


   Skills:
 + Level 2.8 Fighting
 + Level 3.2 Dodging
 * Level 4.8 Unarmed Combat
 - Level 3.0 Spellcasting
 + Level 3.3 Transmutations


You had 7 spell levels left.
You knew the following spells:

 Your Spells              Type           Power        Failure   Level
a - Beastly Appendage     Tmut           26%          4%          1
b - Spider Form           Tmut/Pois      3%           28%         3

Your spell library contained the following spells:

 Spells                   Type           Power        Failure   Level
 Wereblood                Tmut           13%          8%          2
 Ice Form                 Ice/Tmut       7%           67%         4
 Blade Hands              Tmut           6%           80%         5


Dungeon Overview and Level Annotations

Branches:
Dungeon (4/15)
 Temple: D:4-7

Altars:
Ashenzari
Zin

Shops:
D:4 *(((


Innate Abilities, Weirdness & Mutations

You cannot wear most types of armour.
You are very stealthy in the water. (Stealth+)
You are amphibious.
You can wear up to eight rings at the same time.
You can use your tentacles to constrict eight enemies at once.
Your skin changes colour to match your surroundings (Stealth+).
Your rubbery body absorbs attacks. (AC +1, EV +1)
One of your tentacles bears a large vicious spike.


Message History

You barely miss the orc priest. Your grab misses the orc priest.
You pierce the orc priest.
The orc priest is moderately wounded.
The orc priest casts a cantrip, but nothing happens.
The orc closely misses you.
You barely miss the orc priest. You grab the orc priest.
You pierce the orc priest, but do no damage.
The orc priest is moderately wounded.
You constrict the orc priest.
The orc priest invokes the aid of Beogh against you.
Beogh smites you!
* * * LOW HITPOINT WARNING * * *
You barely miss the orc priest.
You pierce the orc priest, but do no damage.
You squeeze the orc priest!
The orc priest is almost dead.
You constrict the orc priest.
You kill the orc priest!
The orc hits you with a +0 hand axe.
You die...

#........∩....##.. ##..#.
#.#.............### #.....
#............)#.## ....##..
#####..>.......... #.......
#.........##.. #....#.#
##.........#######..........
#......................#####
##.....†........# .#. #
#####..###@)#### # # ##.#
##o# .. ### ... ... ..## ...
..# ... ..# ... ..# .. ...


You could see an orc.

Vanquished Creatures
  2 orc priests
  An iguana (D:4)
  3 orc wizards
  A worker ant (D:4)
  6 adders
  3 oozes
  9 worms
  4 dart slugs
  3 leopard geckos
  7 orcs
  6 bats
  2 giant cockroaches
  9 goblins
  8 hobgoblins
  8 jackals (D:2)
  2 quokkas (D:3)
  5 frilled lizards
  15 kobolds
  6 rats
100 creatures vanquished.

Notes
Turn   | Place    | Note
-------+----------+-------------------------------------------
     0 | D:1      | kae the Octopode Transmuter began the quest for the Orb.
     0 | D:1      | Reached XP level 1. HP: 13/13 MP: 3/3
   223 | D:1      | Reached XP level 2. HP: 10/18 MP: 3/5
   414 | D:1      | Reached XP level 3. HP: 14/23 MP: 6/6
  1587 | D:2      | Reached XP level 4. HP: 19/29 MP: 5/7
  1740 | D:2      | Learned a level 3 spell: Spider Form
  2509 | D:2      | Found a broken altar of Ashenzari.
  2579 | D:2      | Reached XP level 5. HP: 26/34 MP: 6/8
  2588 | D:2      | Reached skill level 4 in Unarmed Combat
  3868 | D:3      | Reached XP level 6. HP: 28/41 MP: 6/10
  4307 | D:3      | Found a glowing silver altar of Zin.
  4576 | D:4      | Found Obairodgh's Weapon Shop.
  4913 | D:4      | Found Ginaniar's Weapon Boutique.
  4935 | D:4      | Found Ganuicae's Assorted Antiques.
  4937 | D:4      | Found Xaatimm's Antique Weapon Shop.
  4943 | D:4      | Bought a scroll labelled LAJYTA DOOD for 27 gold pieces
  4943 | D:4      | Bought a cyan potion for 24 gold pieces
  4993 | D:4      | Slain by an orc

Illustrated notes

Levels and vault maps discovered:
D:1:      amcnicky_arrival_feature_with_door, layout_loops_ring
D:2:      layout_rooms, marbit_many_paths, minmay_heptomino_o4
D:3:      layout_loops_corners, zin_scriptorium
D:4:      layout_rooms, serial_shops, nicolae_shop_overgrown_old_shop, shop,
          kennysheep_mini_moat, nicolae_shop_trees, nicolae_shop_stone,
          nicolae_dithmenos_shadow_blocks

Skill      XL: |  1  2  3  4  5  6 |
---------------+-------------------+-----
Fighting       | 2 |  2.8
Unarmed Combat | 4 |  4.8
Transmutations | 3 |  3.3
Dodging        | 3 |  3.2
Spellcasting   | 3 |  3.0

Action                   |  1- 3 |  4- 6 || total
-------------------------+-------+-------++-------
Melee: Unarmed           |    69 |   183 ||   252
       Constrict         |    21 |    42 ||    63
       Kick              |    14 |    36 ||    50
       Tentacles         |     9 |    32 ||    41
       Punch             |     2 |     6 ||     8
 Cast: Beastly Appendage |    18 |    33 ||    51
       Spider Form       |       |     3 ||     3
  Use: Scroll            |     2 |     9 ||    11
 Stab: Sleeping          |     4 |     7 ||    11
Armor: Skin              |     9 |     6 ||    15
Dodge: Dodged            |    44 |   134 ||   178

Table legend: (Time is in decaauts)
 A = Elapsed time spent in this place.
 B = Non-inter-level travel time spent in this place.
 C = Inter-level travel time spent in this place.
 D = Time resting spent in this place.
 E = Time spent auto-exploring this place.
 F = Levels seen in this place.
 G = Mean time per level.
                   A        B        C        D        E       F      G
               +--------+--------+--------+--------+--------+-----+--------+
         Total |   4974 |   4851 |    123 |   1066 |   3055 |   4 | 1243.5 |
       Dungeon |   4974 |   4851 |    123 |   1066 |   3055 |   4 | 1243.5 |
               +--------+--------+--------+--------+--------+-----+--------+

Top non-repeatable levels by time:
     D:3: 1572 daAuts
     D:2: 1564 daAuts
     D:1: 1564 daAuts
     D:4: 272 daAuts
